 Dungeon Crawl Stone Soup version 0.20-a0-709-gd40821f (webtiles) character file.

1705 Gorglomux the Thrower (level 9, -8/84 HPs)
             Began as an Ogre Hunter on Feb 22, 2017.
             Was a Believer of Dithmenos.
             Mangled by Blork the orc
             ... wielding a +0 war axe
              (9 damage)
             ... on level 6 of the Dungeon.
             The game lasted 00:16:01 (6900 turns).

Gorglomux the Thrower (Ogre Hunter)                 Turns: 6900, Time: 00:16:03

Health: -8/84      AC:  4    Str: 18    XL:     9   Next: 3%
Magic:  18/18      EV: 10    Int: 12    God:    Dithmenos [**....]
Gold:   194        SH:  0    Dex: 12    Spells: 8/8 levels left

rFire    + . .     SeeInvis .   a - +0 whip
rCold    + . .     Gourm    .   H - +1 robe {rF+}
rNeg     . . .     Faith    .   (no shield)
rPois    .         Spirit   .   (helmet restricted)
rElec    .         Reflect  .   A - scarf {rC+}
rCorr    .         Harm     .   (gloves unavailable)
MR       .....                  (boots unavailable)
Stlth    ++........             V - amulet of magic regeneration
Regen    0.3/turn               (no ring)
MPRegen  0.3/turn               Y - ring of magical power

@: wreathed by umbra
A: unfitting armour, tough skin 1
a: Shadow Step, Renounce Religion


You were on level 6 of the Dungeon.
You worshipped Dithmenos.
Dithmenos was pleased with you.
You were not hungry.

You visited 1 branch of the dungeon, and saw 6 of its levels.

You collected 194 gold pieces.

Inventory:

Hand Weapons
 a - a +0 whip (weapon)
 L - a +0 giant spiked club
 X - a +0 short sword
Missiles
 c - 2 large rocks (quivered)
 S - 202 stones
 Z - 3 throwing nets {!t}
Armour
 A - a scarf of cold resistance (worn)
 C - a scarf of cold resistance
 H - a +1 robe of fire resistance (worn)
Jewellery
 V - an amulet of magic regeneration (around neck)
 Y - a ring of magical power (left hand)
Scrolls
 y - a scroll of identify {unknown}
 z - a scroll of amnesia {unknown}
 J - a scroll of noise {unknown}
 O - 3 scrolls of remove curse {unknown}
 P - a scroll of fear {unknown}
 Q - a scroll of magic mapping {unknown}
 R - a scroll of immolation {unknown}
 T - 2 scrolls of teleportation
 W - a scroll of blinking {unknown}
Potions
 w - a potion of lignification {unknown}
 B - a potion of might {unknown}
 D - a potion of mutation {unknown}
 E - a potion of invisibility {unknown}
 F - a potion of curing {unknown}
 N - a potion of haste
Books
 G - a book of Cantrips

   Spells                             Type                      Level
   a - Confusing Touch                Hexes                        1
   b - Animate Skeleton               Necromancy                   1
   c - Summon Small Mammal            Summoning                    1
   d - Apportation                    Translocation                1
Comestibles
 f - 4 bread rations
 x - 9 chunks of flesh
 I - 4 fruits
 M - 2 royal jellies
 U - 2 meat rations


   Skills:
 - Level 4.0 Fighting
 + Level 7.5 Maces & Flails
 - Level 8.2 Throwing
 - Level 1.7 Dodging
 - Level 0.6 Stealth


You had 8 spell levels left.
You didn't know any spells.

Dungeon Overview and Level Annotations

Branches:
Dungeon (6/15)             Temple (0/1) D:4

Altars:
Dithmenos
Fedhas
Makhleb
Ru
Trog
Xom
Yredelemnul
Zin

Shops:
D:5 }[

Annotations:
D:6 Blork the orc


Innate Abilities, Weirdness & Mutations

You are too large for most types of armour.
You have tough skin. (AC +1)


Message History

The bullfrog hits you.
* * * LOW HITPOINT WARNING * * *
The crimson imp blinks!
The bullfrog hits you.
* * * LOW HITPOINT WARNING * * *
The bullfrog hits you!
* * * LOW HITPOINT WARNING * * *
Throwing (i - inventory. (,) - cycle):
c - 3 large rocks (quivered)
Press: ? - help, Shift-Dir - straight line, f/p - bullfrog
Aim: a bullfrog (almost dead, umbra)
You throw a large rock. The large rock hits the bullfrog!
You kill the bullfrog!
Dithmenos accepts your kill.
You have reached level 9!
Your experience leads to an increase in your attributes!
Increase (S)trength, (I)ntelligence, or (D)exterity?
You feel agile.
You feel stronger. Something hits you!
* * * LOW HITPOINT WARNING * * *
Something hits you!
You die...

≈.≈≈≈≈≈.## ≈.≈###5§.#
≈.≈ #≈..# ≈.≈###≈..##
≈.≈≈≈≈≈(..# ...
.........##
.≈≈≈≈≈.≈≈≈≈≈.## ≈.≈#
#≈.≈###≈(# ≈.≈# #≈.≈#
#≈@#
###≈.≈###≈.≈###≈.##
≈≈≈≈.≈≈≈≈≈.≈≈≈≈≈..##
...................###
<...# #.............##
..######..............#
.####.................#
..............#########
............#########


You could see a crimson imp.

Vanquished Creatures
  Sigmund (D:4)
  Menkaure (D:4)
  2 ice beasts
  2 sky beasts
  3 ogres
  A bullfrog (D:6)
  A howler monkey (D:6)
  2 crimson imps
  2 orc priests (D:5)
  A centaur skeleton (D:5)
  An iguana (D:5)
  Jessica (D:2)
  Natasha (thrice) (D:3)
  3 orc wizards
  3 worker ants
  15 gnolls
  4 adders
  An adder skeleton (D:2)
  2 adder zombies
  A worm (D:3)
  3 dart slugs
  4 leopard geckos
  12 orcs
  5 ball pythons
  9 giant cockroaches
  8 goblins
  11 hobgoblins
  3 quokkas
  A ball python skeleton (D:5)
  4 bats
  5 frilled lizards
  9 kobolds
  14 rats
138 creatures vanquished.

Vanquished Creatures (others)
  2 worker ants (D:4)
2 creatures vanquished.

Grand Total: 140 creatures vanquished

Notes
Turn   | Place    | Note
-------+----------+-------------------------------------------
     0 | D:1      | Gorglomux the Ogre Hunter began the quest for the Orb.
     0 | D:1      | Reached XP level 1. HP: 22/22 MP: 1/1
   132 | D:1      | Reached skill level 3 in Fighting
   294 | D:1      | Reached XP level 2. HP: 15/32 MP: 2/2
   909 | D:1      | Reached skill level 1 in Maces & Flails
  1088 | D:1      | Reached XP level 3. HP: 36/39 MP: 3/3
  1640 | D:2      | Found a glowing silver altar of Zin.
  1642 | D:2      | Found a burning altar of Makhleb.
  1642 | D:2      | Found a basalt altar of Yredelemnul.
  1642 | D:2      | Found a bloodstained altar of Trog.
  1644 | D:2      | Found a shadowy altar of Dithmenos.
  1650 | D:2      | Found a blossoming altar of Fedhas.
  1758 | D:2      | Reached XP level 4. HP: 44/48 MP: 4/4
  1921 | D:2      | Found a sacrificial altar of Ru.
  1945 | D:2      | Became a worshipper of Dithmenos the Shadowed
  2030 | D:2      | Noticed Jessica
  2039 | D:2      | Killed Jessica
  2039 | D:2      | Reached skill level 5 in Throwing
  2039 | D:2      | Reached XP level 5. HP: 52/54 MP: 5/5
  2720 | D:3      | Noticed Natasha
  2729 | D:3      | Killed Natasha
  2929 | D:3      | Reached * piety under Dithmenos
  3077 | D:3      | Noticed Natasha
  3082 | D:3      | Killed Natasha
  3082 | D:3      | Reached skill level 6 in Throwing
  3082 | D:3      | Reached XP level 6. HP: 50/62 MP: 6/6
  3220 | D:3      | Noticed a moth of wrath
  3223 | D:3      | Found a bloodstained altar of Trog.
  3585 | D:3      | Noticed Natasha
  3594 | D:3      | Killed Natasha
  3697 | D:4      | Noticed Menkaure
  3701 | D:4      | Reached skill level 7 in Throwing
  3703 | D:4      | Killed Menkaure
  3703 | D:4      | Reached XP level 7. HP: 21/70 MP: 7/7
  4094 | D:4      | Found a staircase to the Ecumenical Temple.
  4253 | D:4      | Reached skill level 8 in Throwing
  4297 | D:4      | Found a shimmering altar of Xom.
  4503 | D:4      | Noticed Sigmund
  4530 | D:4      | Killed Sigmund
  4530 | D:4      | Reached skill level 3 in Maces & Flails
  4682 | D:5      | Entered Level 5 of the Dungeon
  4983 | D:4      | Reached XP level 8. HP: 57/78 MP: 8/8
  5258 | D:5      | Reached ** piety under Dithmenos
  5778 | D:5      | Found Bimamug's Armour Shoppe.
  6346 | D:5      | Reached skill level 6 in Maces & Flails
  6594 | D:5      | Found Suqeegga's Gadget Boutique.
  6863 | D:6      | Noticed Blork the orc
  6900 | D:6      | Reached XP level 9. HP: 12/84 MP: 9/9
  6900 | D:6      | HP: 1/84 [something (12)]
  6900 | D:6      | Mangled by Blork the orc

Vault maps used:
D:1:      dpeg_arrival_leaves_temple_mockup, minmay_tetromino_l2
D:2:      grunt_temple_overflow_open, serial_undead, serial_undead_d,
          serial_undead_c, serial_undead_e, serial_undead_a,
          minmay_misc_feat_iff, uniq_jessica
D:3:      grunt_decor_arrowhead, tgw_trog, uniq_natasha
D:4:      minmay_temple_entry_hall, xom_confusion_cloud, uniq_sigmund,
          uniq_crazy_yiuf_cottage, uniq_menkaure
D:5:      first_bread, serial_shops, shop, shop
D:6:      kennysheep_mini, basic_altar, kennysheep_boxes, uniq_edmund,
          uniq_eustachio, uniq_blork_the_orc

Skill      XL: |  1  2  3  4  5  6  7  8 |
---------------+-------------------------+-----
Fighting       | 3 4 |  4.0
Maces & Flails | 1 2 3 7 |  7.5
Throwing       | 5 6 7 8 |  8.2
Dodging        | |  1.7
Stealth        | |  0.6

Action                   |  1- 3 |  4- 6 |  7- 9 || total
-------------------------+-------+-------+-------++-------
Melee: Short sword       |    36 |       |       ||    36
       Whip              |    79 |   131 |   190 ||   400
       Giant spiked club |       |    38 |    33 ||    71
Throw: Stone             |    32 |    23 |    77 ||   132
       Javelin           |     3 |    25 |    43 ||    71
       Large rock        |       |     6 |    11 ||    17
  Use: Scroll            |       |     1 |     1 ||     2
       Potion            |       |     1 |       ||     1
 Stab: Sleeping          |       |     1 |     1 ||     2
  Eat: Chunk             |     3 |     6 |    10 ||    19
Armor: Robe              |    20 |    39 |    65 ||   124
Dodge: Dodged            |    62 |   115 |   156 ||   333
